cohdb
Replays
Latest Replays
All Replays
Popular Replays
Top Player Replays
Match Explorer
How It Works
Community
CoH3 Stats
Reddit
Sign in to upload your games and track your stats! →
Sign in with Steam
Match 40489964
Unlisted
Match 40489964
Overview
Messages
Build Orders
End
Kradschützen Motorcycle Team
Panzergrenadier Squad
Panzergrenadier Squad
Construct Light Support Kompanie
Panzergrenadier Squad
2.5-tonne Medical Truck
Selects Italian Infantry
Selects Guastatori Squad
Selects L6/40 Light Tank Combat Group
Guastatori Squad
jerjawe
teaspoon
0
0
Comments
sign in to comment!
No comments posted yet!